Map: [ESL] Hecate

Players

SKillous - Winner!

  • Race: Protoss Protoss
  • League: Grandmaster
  • Spawn Location: 7:00

Spirit (souL)

  • Race: Terran Terran
  • League: Master
  • Spawn Location: 1:00

VOD

Have the link to the VOD?

Description

Time

  • Played on: Nov. 25, 2023, 1:40 p.m.
  • Length: 17:47
Show
View Real Time Build Order
Export as new Build Order

SKillous Protoss - Winner!

Build Orders: 1 Gate Expand, Blink Stalkers 

Get SALT Encoding   

  12  0:00  Probe  
  13  0:12  Probe  
  14  0:18  Pylon  
  14  0:24  Probe  
  15  0:36  Probe (Chrono Boost)  
  15  0:38  Gateway  
  16  0:46  Probe (Chrono Boost)  
  16  0:49  Assimilator  
  17  0:51  Probe (Chrono Boost)  
  18  1:02  Probe  
  19  1:15  Probe  
  20  1:25  Cybernetics Core  
  20  1:34  Nexus  
  20  1:41  Pylon  
  20  1:43  Probe  
  21  1:51  Assimilator  
  21  1:55  Probe  
  21  1:59  Adept (Chrono Boost)  
  22  2:02  Warp Gate  
  22  2:07  Probe  
  25  2:20  Probe  
  25  2:21  Adept  
  28  2:29  Twilight Council  
  28  2:32  Probe  
  29  2:40  Gateway  
  30  2:46  Probe (Chrono Boost)  
  30  2:48  Probe (Chrono Boost)  
  31  2:55  Probe (Chrono Boost)  
  31  2:56  Stalker  
  35  2:58  Probe (Chrono Boost)  
  35  3:01  Probe (Chrono Boost)  
  35  3:03  Blink (Chrono Boost)  
  36  3:08  Probe  
  36  3:14  Probe  
  35  3:20  Probe  
  35  3:26  Probe  
  37  3:28  Robotics Facility  
  37  3:32  Probe  
  38  3:38  Probe, Pylon  
  39  3:42  Gateway  
  39  3:45  Gateway  
  39  3:47  Probe  
  40  3:52  Stalker  
  40  3:53  Probe  
  43  3:58  Stalker  
  43  4:00  Probe  
  46  4:06  Pylon  
  46  4:07  Assimilator  
  46  4:11  Probe  
  46  4:15  Probe  
  48  4:17  Warp Prism (Chrono Boost)  
  50  4:25  Stalker  
  50  4:28  Stalker  
  50  4:30  Probe  
  54  4:33  Pylon  
  53  4:40  Stalker  
  53  4:41  Stalker  
  57  4:49  Stalker  
  57  4:51  Observer  
  60  4:56  Pylon  
  60  5:05  Stalker x3  
  66  5:08  Probe  
  66  5:11  Pylon  
  66  5:13  Stalker  
  67  5:29  Stalker x3  
  67  5:34  Probe  
  68  5:38  Charge (Chrono Boost)  
  68  5:39  Dark Shrine  
  68  5:40  Nexus  
  68  5:41  Pylon  
  68  5:44  Probe (Chrono Boost)  
  68  5:46  Probe (Chrono Boost)  
  68  5:48  Observer  
  68  5:56  Probe (Chrono Boost)  
  70  5:58  Probe (Chrono Boost)  
  70  5:59  Gateway, Pylon  
  70  6:00  Gateway  
  70  6:02  Probe (Chrono Boost)  
  70  6:03  Probe (Chrono Boost)  
  71  6:10  Probe  
  71  6:11  Sentry x2  
  75  6:13  Probe  
  78  6:22  Probe  
  78  6:23  Pylon  
  78  6:24  Gateway  
  78  6:25  Gateway, Probe  
  80  6:34  Probe  
  80  6:35  Shield Battery  
  80  6:38  Shield Battery  
  81  6:41  Zealot x4  
  89  6:48  Shield Battery  
  89  6:54  Dark Templar  
  91  6:59  Zealot  
  91  7:10  Zealot x4  
  97  7:18  Pylon  
  97  7:20  Dark Templar  
  97  7:21  Zealot x2  
  97  7:30  Forge, Dark Templar  
  97  7:31  Zealot x4  
  97  7:32  Pylon  
  97  7:44  Zealot x2  
  91  7:52  Zealot x4  
  91  7:53  Zealot  
  91  7:57  Probe (Chrono Boost)  
  89  7:58  Probe (Chrono Boost)  
  89  7:59  Probe (Chrono Boost)  
  89  8:04  Zealot x3  
  96  8:07  Probe (Chrono Boost)  
  96  8:12  Zealot x4  
  105  8:14  Dark Templar  
  99  8:22  Shield Battery  
  99  8:24  Shield Battery x2  
  99  8:25  Dark Templar  
  93  8:27  Pylon  
  93  8:29  Dark Templar  
  93  8:32  Zealot  
  89  8:35  Zealot  
  89  8:37  Zealot  
  87  8:44  Zealot x2  
  79  8:50  Zealot x2  
  79  8:53  Protoss Ground Weapons Level 1 (Chrono Boost)  
  75  8:57  Sentry  
  75  8:58  Stalker x2  
  75  9:00  Immortal (Chrono Boost)  
  85  9:04  Sentry  
  85  9:09  Stalker, Dark Templar  
  91  9:17  Stalker x2, Archon  
  91  9:23  Zealot x2  
  91  9:24  Zealot  
  97  9:39  Dark Templar  
  97  9:44  Zealot x7  
  111  9:48  Observer (Chrono Boost)  
  103  10:05  Dark Templar  
  103  10:06  Zealot x6  
  107  10:20  Zealot  
  109  10:24  Probe  
  109  10:26  Stalker x3  
  109  10:27  Stalker x2  
  111  10:30  Zealot  
  111  10:34  Protoss Ground Armor Level 1 (Chrono Boost)  
  104  10:38  Stalker  
  107  10:53  Stalker  
  106  10:57  Zealot x6  
  118  11:06  Immortal (Chrono Boost)  
  122  11:18  Zealot x3  
  128  11:19  Zealot  
  128  11:23  Pylon  
  130  11:30  Nexus  
  120  11:52  Warp Prism (Chrono Boost)  
  114  11:55  Robotics Bay  
  114  11:59  Zealot x4  
  114  12:00  Zealot x4  
  130  12:07  Protoss Ground Weapons Level 2 (Chrono Boost)  
  130  12:09  Probe  
  130  12:11  Probe x2  
  130  12:13  Pylon  
  133  12:35  Zealot x8  
  147  12:50  Colossus (Chrono Boost)  
  139  12:58  Zealot x8  
  104  13:18  Zealot x7  
  110  13:32  Nexus  
  108  13:36  Observer  
  108  13:40  Colossus (Chrono Boost)  
  108  13:44  Zealot x2  
  118  13:51  Dark Templar x2  
  118  13:54  Protoss Ground Weapons Level 3 (Chrono Boost)  
  122  13:57  Archon  
  122  13:58  Zealot x2  
  122  13:59  Observer  
  122  14:02  Observer  
  126  14:09  Extended Thermal Lance  
  126  14:10  Observer  
  126  14:15  Assimilator  
  126  14:16  Observer  
  126  14:17  Shield Battery  
  126  14:20  Assimilator  
  126  14:24  Observer  
  126  14:28  Colossus (Chrono Boost)  
  126  14:32  Photon Cannon  
  126  14:35  Probe x2  
  134  14:40  Photon Cannon  
  132  15:02  Dark Templar  
  132  15:03  Zealot x5  
  132  15:06  Zealot  
  132  15:07  Zealot x6  
  136  15:08  Warp Prism (Chrono Boost)  
  138  15:25  Zealot  
  137  15:28  Zealot x4  
  138  15:42  Zealot x3  
  116  15:53  Zealot x4, Stalker  
  105  15:58  Observer (Chrono Boost)  
  105  16:02  Observer  
  105  16:03  Probe  
  106  16:06  Stalker x3  
  112  16:11  Colossus (Chrono Boost)  
  112  16:15  Shield Battery  
  118  16:23  Sentry  
  118  16:24  Zealot x3  
  124  16:29  Zealot  
  124  16:31  Zealot  
  128  16:34  Stalker  
  130  16:45  Zealot x3  
  136  16:49  Zealot  
  138  17:05  Nexus, Observer  
  138  17:06  Pylon  
  139  17:09  Observer (Chrono Boost)  
Show
View Real Time Build Order
Export as new Build Order

Spirit Terran 

Build Orders: Cyclone Opening 

Get SALT Encoding   

  12  0:00  SCV  
  13  0:12  SCV  
  14  0:17  Supply Depot  
  14  0:24  SCV  
  15  0:38  SCV  
  16  0:43  Barracks  
  16  0:45  Refinery  
  16  0:50  SCV  
  17  1:02  SCV  
  18  1:15  SCV  
  19  1:32  Orbital Command, Marine  
  20  1:52  Reaper, Command Center  
  21  1:58  Supply Depot  
  21  2:01  SCV  
  22  2:13  SCV  
  22  2:15  Factory  
  23  2:23  Marine  
  23  2:24  Bunker  
  23  2:25  SCV  
  25  2:37  SCV  
  25  2:41  Barracks  
  25  2:44  Barracks Reactor  
  26  2:49  SCV  
  26  2:59  Cyclone  
  26  3:01  SCV  
  29  3:06  Orbital Command  
  29  3:13  SCV  
  30  3:21  Marine x2  
  30  3:23  Refinery  
  30  3:26  SCV  
  33  3:29  Barracks Tech Lab  
  33  3:33  SCV  
  36  3:36  Factory Tech Lab  
  36  3:38  SCV  
  36  3:39  Marine  
  36  3:45  SCV  
  37  3:49  Barracks  
  37  3:50  Supply Depot, SCV  
  37  3:55  Marine, Stimpack  
  38  3:57  SCV  
  38  4:01  Marine  
  38  4:02  Supply Depot, SCV  
  43  4:06  Siege Tank  
  43  4:09  SCV  
  46  4:12  Marine  
  46  4:13  Marine  
  46  4:14  SCV  
  49  4:19  Marine  
  49  4:21  SCV  
  51  4:26  SCV  
  51  4:29  Marine, Engineering Bay  
  53  4:31  Supply Depot, Marine  
  53  4:37  Marine  
  55  4:38  Refinery  
  55  4:42  Siege Tank  
  55  4:43  Bunker  
  55  4:44  SCV  
  58  4:47  SCV, Marine  
  58  4:48  Barracks Tech Lab  
  58  4:52  Marine  
  61  4:56  SCV, Starport  
  61  4:59  SCV  
  63  5:06  Supply Depot, Marauder  
  65  5:08  SCV  
  65  5:10  Supply Depot  
  65  5:13  SCV  
  67  5:17  Marine, Marauder  
  70  5:22  Refinery  
  70  5:23  Missile Turret  
  70  5:25  SCV  
  69  5:30  SCV  
  69  5:33  Starport Reactor  
  73  5:37  SCV  
  73  5:39  Marine  
  73  5:40  Marauder x2  
  79  5:43  SCV  
  79  5:49  Supply Depot x2, SCV  
  81  5:50  Combat Shield  
  81  5:51  Concussive Shells  
  78  5:58  Terran Infantry Weapons Level 1  
  78  5:59  SCV  
  78  6:01  Marauder  
  78  6:02  Marauder, Factory Reactor  
  83  6:06  Marine x2  
  85  6:11  Medivac  
  85  6:12  Supply Depot  
  85  6:13  Medivac  
  85  6:14  Supply Depot  
  89  6:24  Command Center  
  89  6:28  Marine  
  89  6:29  Marauder  
  92  6:34  Marine  
  92  6:35  Marauder  
  92  6:36  Supply Depot  
  92  6:38  Supply Depot  
  92  6:39  Widow Mine  
  97  6:41  SCV x2  
  98  6:48  Marine  
  98  6:50  Marauder, Medivac  
  98  6:51  Medivac  
  98  6:54  Marine  
  105  6:56  Marauder  
  105  6:59  SCV x2  
  110  7:06  Marine  
  109  7:11  Marine, Marauder  
  111  7:16  Missile Turret  
  111  7:18  Marauder  
  111  7:21  SCV  
  110  7:22  Medivac  
  110  7:23  Medivac  
  110  7:24  Marine  
  110  7:27  SCV  
  110  7:29  Marine  
  112  7:33  Marauder  
  113  7:39  SCV, Marauder  
  113  7:42  Marine  
  115  7:47  Marine  
  111  7:54  Marauder  
  101  7:58  Medivac  
  101  7:59  Marine  
  101  8:00  Marauder  
  101  8:05  Marine  
  103  8:09  SCV  
  103  8:16  Marauder, Widow Mine  
  103  8:17  Marine  
  99  8:22  Marauder  
  99  8:23  Marine  
  99  8:26  SCV  
  101  8:33  SCV  
  99  8:35  Marine  
  99  8:36  SCV  
  99  8:37  Marauder  
  99  8:41  Marine  
  93  8:43  Marine  
  93  8:45  SCV  
  90  8:53  Marine  
  90  8:55  SCV  
  87  9:01  Widow Mine x2  
  94  9:04  Orbital Command  
  94  9:06  Viking  
  93  9:12  Marauder  
  93  9:16  Marauder  
  97  9:18  SCV  
  97  9:21  SCV  
  98  9:29  Marine  
  99  9:33  Marauder  
  99  9:37  Marauder  
  101  9:42  Marine  
  101  9:46  SCV x3  
  101  9:51  Marine  
  101  9:54  Marauder  
  101  9:59  Marauder  
  103  10:01  SCV, Marine  
  103  10:03  SCV  
  103  10:05  SCV  
  105  10:10  Marine  
  105  10:13  SCV  
  101  10:15  SCV  
  101  10:17  SCV, Marauder  
  101  10:19  Marine  
  97  10:24  Marine  
  97  10:28  Marine  
  94  10:30  SCV  
  95  10:36  SCV  
  95  10:37  Marine  
  95  10:38  Marauder  
  95  10:40  SCV  
  102  10:43  Marauder  
  102  10:44  Terran Infantry Armor Level 1  
  102  10:46  Marine  
  104  10:50  Widow Mine x2  
  104  10:54  Ghost Academy  
  104  10:55  SCV x2  
  104  10:56  Orbital Command  
  109  11:00  Marauder  
  109  11:02  Medivac x2  
  115  11:07  SCV x2  
  117  11:14  Widow Mine x2  
  121  11:24  Supply Depot, Ghost  
  121  11:25  Ghost  
  125  11:27  Bunker  
  125  11:30  Barracks  
  125  11:32  SCV, Missile Turret  
  126  11:36  Widow Mine  
  127  11:41  Marine  
  127  11:42  SCV  
  127  11:45  Marine  
  124  11:52  Ghost  
  124  11:54  Ghost  
  122  11:56  SCV  
  122  11:57  Widow Mine  
  122  11:59  Marine  
  128  12:02  SCV  
  128  12:03  Marine  
  128  12:06  Widow Mine  
  132  12:10  SCV  
  133  12:16  Orbital Command  
  133  12:17  Marine  
  133  12:18  Marauder  
  133  12:22  Marauder  
  138  12:25  SCV x2  
  140  12:31  Missile Turret  
  138  12:37  SCV, Ghost  
  138  12:42  Marauder  
  138  12:43  SCV  
  136  12:51  Marine  
  136  12:54  Marine x2  
  120  13:04  SCV  
  103  13:13  SCV  
  103  13:14  Widow Mine x2  
  103  13:19  Ghost x2  
  95  13:20  Marine, Ghost  
  95  13:22  SCV x2  
  95  13:25  SCV  
  105  13:34  SCV x2  
  105  13:36  Widow Mine x2  
  105  13:37  SCV  
  112  13:47  Viking  
  115  13:49  Bunker  
  115  13:50  Ghost  
  115  13:51  Viking  
  117  13:57  Armory, Widow Mine x2  
  117  13:59  Refinery  
  117  14:00  Marine x2, Refinery  
  117  14:02  Marine  
  124  14:04  Marine  
  125  14:17  Marine, Barracks  
  125  14:18  Marine, Widow Mine  
  125  14:20  Marine, Marauder  
  125  14:21  Viking  
  125  14:23  Viking  
  136  14:29  Supply Depot  
  136  14:33  SCV  
  136  14:34  SCV  
  138  14:41  Ghost x2  
  138  14:42  Marine, Marauder  
  145  14:51  Marine, Terran Infantry Weapons Level 2  
  146  15:00  Marine  
  146  15:04  Marauder  
  146  15:07  Marine  
  145  15:09  Marine x2  
  145  15:10  Marine  
  145  15:17  Marine  
  146  15:25  Marauder  
  146  15:26  Marine  
  146  15:28  Marauder  
  151  15:31  Viking x2  
  126  15:43  Marine  
  126  15:44  Marine  
  126  15:45  Marauder  
  126  15:46  Marauder  
  126  15:49  Marine  
  94  16:00  Marine  
  94  16:02  Marine  
  94  16:03  Viking  
  94  16:06  Barracks Tech Lab  
  92  16:14  Viking  
  96  16:19  Ghost  
  93  16:26  Ghost  
  93  16:28  Orbital Command  
  93  16:29  Marine  
  96  16:33  Viking  
  96  16:37  Ghost  
  99  16:44  Ghost, Viking  
  103  16:51  SCV x2  
  103  16:53  SCV  
  104  16:57  Marine  
  105  17:02  Marauder  
  105  17:03  SCV x2  
  105  17:04  Marine  
  105  17:05  SCV, Marine  
  105  17:07  Missile Turret  
  105  17:08  Marine  
  113  17:15  SCV  
  112  17:16  SCV, Marine, Marauder  
  112  17:22  Marine  
  110  17:23  Marine, Marauder  
  110  17:26  Marine  
Tags
 
Add a new tag
Caveats
  • Supply blocks, unpowered buildings, or Contaminate may cause inaccurate times.
  • Supply counts are checked every 10 seconds.